 Dungeon Crawl Stone Soup version 0.17-a0-1621-gfc7a675 (webtiles) character file.

96 MiaIshata the Shield-Bearer (level 4, -5/37 HPs)
             Began as a Formicid Fighter on Aug 2, 2015.
             Was an Initiate of Okawaru.
             Slain by a worm (7 damage)
             ... on level 2 of the Dungeon.
             The game lasted 00:14:10 (1578 turns).

MiaIshata the Shield-Bearer (Formicid Fighter)      Turns: 1578, Time: 00:14:10

Health: -5/37      AC: 14    Str: 25    XL:     4   Next: 98%
Magic:  4/4        EV:  9    Int:  8    God:    Okawaru [......]
Gold:   50         SH: 10    Dex: 11    Spells: 0 memorised, 3 levels left

rFire  . . .     SeeInvis +     h - +0 short sword (protect)
rCold  . . .     Clarity  .     b - +1 scale mail
rNeg   . . .     SustAt   .     c - +0 shield
rPois  .         Gourm    .     (helmet unavailable)
rElec  .         Spirit   .     (no cloak)
rCorr  .         Warding  .     i - +0 pair of gloves
rMut   .         Stasis   +     (no boots)
MR     +....                    (no amulet)
Stlth  ..........               (no ring)
                                (no ring)

@: mighty, somewhat resistant to hostile enchantments, extremely unstealthy
A: permanent stasis, dig shafts and tunnels, four strong arms, antennae 3, claws
1, hooves 1, magic resistance 1
a: Dig, Shaft Self, Renounce Religion


You were on level 2 of the Dungeon.
You worshipped Okawaru.
Okawaru was noncommittal.
You were not hungry.

You visited 1 branch of the dungeon, and saw 3 of its levels.

You collected 50 gold pieces.

Inventory:

Hand weapons
 g - a +0 falchion
 h - a +0 short sword of protection (weapon)
 j - a +2 mace of crushing
Armour
 b - a +1 scale mail (worn)
 c - a +0 shield (worn)
 i - a +0 pair of gloves (worn)
Magical devices
 l - a wand of random effects (35)
Comestibles
 a - a chunk of flesh
 e - 4 bread rations
 f - 7 fruits


   Skills:
 * Level 4.0 Fighting
 + Level 1.3(2.0) Short Blades
 + Level 2.2(2.4) Long Blades
 + Level 3.7 Armour
 + Level 1.0 Dodging
 + Level 4.6 Shields


You had 3 spell levels left.
You didn't know any spells.

Dungeon Overview and Level Annotations

Branches:
Dungeon (3/15)

Altars:
Okawaru
Sif Muna


Innate Abilities, Weirdness & Mutations

You are under a permanent stasis effect.
You can dig through walls and to a lower floor.
Your four strong arms can wield two-handed weapons with a shield.
You have a pair of large antennae on your head (SInv).
You have sharp fingernails.
You have large cloven feet.
You are resistant to hostile enchantments.


Message History

The jackal is heavily wounded.
The jackal bites you but does no damage.
You block the jackal's attack.
You barely miss the jackal.
The jackal is heavily wounded.
The jackal closely misses you. The worm bites you!
* * * LOW HITPOINT WARNING * * *
You barely miss the jackal. Your kick misses the jackal.
The jackal is heavily wounded.
You feel sick.
You are no longer poisoned.
You block the jackal's attack. x2
Drink which item? (? for menu, Esc to quit)
You feel very mighty all of a sudden. You block the jackal's attack.
You block the worm's attack.
You closely miss the jackal. Your kick misses the jackal.
The jackal is moderately wounded.
The jackal bites you but does no damage.
The worm bites you!
You die...

#######.########.# #.....
#.....#.#...(....# #.####
#.###†#.#.#####..# #.# #
#.###.#.#.# #..# #.# #
#.#...#.#.# #..# ####.####
##.#.###.#.#####..#######.......#
...#.# #.#.....#..........#######
####.###.#####.#.......#..# #
...............w@h...#.#..# #
###..#########.#)..#.#.#..# #
#..##........#...#..<#..# #
###..#.............#.###..# #
........#####......#...#..# ####
................##.#.#.#..# #...
.........####..###.#...#..####.##
###..#+#.......###.#.###...†.....
.........###.....#.#.####.####.##


You could see a worm and a jackal.

Vanquished Creatures
  3 adders (D:2)
  An ooze (D:1)
  A worm (D:2)
  A giant gecko (D:2)
  An orc (D:2)
  A ball python (D:1)
  3 hobgoblins (D:1)
  11 jackals
  7 kobolds
  A quokka (D:2)
  7 bats
  3 giant cockroaches
  A giant newt (D:2)
  7 goblins
  7 rats
55 creatures vanquished.

Notes
Turn   | Place    | Note
--------------------------------------------------------------
     0 | D:1      | MiaIshata the Formicid Fighter began the quest for the Orb.
     0 | D:1      | Reached XP level 1. HP: 18/18 MP: 1/1
   136 | D:1      | Reached skill level 4 in Shields
   136 | D:1      | Reached XP level 2. HP: 22/24 MP: 2/2
   287 | D:1      | Reached XP level 3. HP: 24/29 MP: 3/3
   762 | D:2      | Gained mutation: You are resistant to hostile enchantments. [potion of mutation]
   762 | D:2      | Gained mutation: You have sharp fingernails. [potion of mutation]
   762 | D:2      | Gained mutation: You have large cloven feet. [potion of mutation]
   778 | D:2      | Reached XP level 4. HP: 35/37 MP: 4/4
   807 | D:2      | Found an iron altar of Okawaru.
   815 | D:2      | Became a worshipper of Warmaster Okawaru
   891 | D:2      | Reached skill level 1 in Short Blades
  1207 | D:2      | Found a deep blue altar of Sif Muna.
  1569 | D:2      | Reached skill level 1 in Dodging
  1578 | D:2      | Slain by a worm

Vault maps used:
D:1:      dpeg_arrival_orchard
D:2:      overflow_temple_1_default, okawaru_ov_weapons_minmay
D:3:      minitemple

Action                   |  1- 3 |  4- 6 || total
-------------------------+-------+-------++-------
Melee: Long sword        |    46 |       ||    46
       Short sword       |   104 |   166 ||   270
 Abil: Dig               |     1 |       ||     1
  Use: Scroll            |     7 |     1 ||     8
       Potion            |     4 |     1 ||     5
  Eat: Bread ration      |       |     1 ||     1
       Beef jerky        |       |     1 ||     1
